3L
NEW AMSTERDAM REPUBLICS @ ROCKY MOUNTAIN NUGGETS
07/31/2026
 
TOP OF THE 1ST
New Amsterdam Republics batting - Pitching for Rocky Mountain Nuggets : LHP Rafael Rivera
Pitching: LHP Rafael Rivera
Batting: RHB Enrique Morales 0-0: Called Strike
0-1: Ball
1-1: Ball
2-1: SINGLE (Line Drive, 56)
Batting: RHB Alfredo Suárez 0-0: Called Strike
0-1: Fly out, F8 (Flyball, 8LD)
Batting: RHB António Pérez 0-0: SINGLE (Groundball, 6MD)
Enrique Morales to second
Batting: RHB Hank Wilder 0-0: Called Strike
Enrique Morales steals 3rd base
António Pérez to second
0-1: DOUBLE (Groundball, 5L)
Enrique Morales scores
António Pérez scores
Batting: RHB Quincy van Enk 0-0: Foul Ball, location: 2F
0-1: Ball
1-1: Ground out U3 (Groundball, 34)
Hank Wilder to third
Batting: LHB Eric Ward 0-0: Called Strike
0-1: Ball
1-1: Foul Ball, location: 2F
1-2: Ball
2-2: Fly out, F7 (Flyball, 7S)
Top of the 1st over - 2 run(s), 3 hit(s), 0 error(s), 1 left on base; New Amsterdam 2 - Rocky Mountain 0
BOTTOM OF THE 1ST
Rocky Mountain Nuggets batting - Pitching for New Amsterdam Republics : LHP Alejandro Ramos
Pitching: LHP Alejandro Ramos
Batting: RHB Andrés Rodríguez 0-0: SOLO HOME RUN (Flyball, 7D), Distance : 386 ft
Batting: RHB Iván Vega 0-0: Called Strike
0-1: Swinging Strike
0-2: SINGLE (Groundball, 6MD)
Batting: LHB Javier Sánchez 0-0: Swinging Strike
0-1: DOUBLE (Groundball, 3L)
Iván Vega to third
Batting: LHB Neil Lawson 0-0: Called Strike
0-1: Ball
1-1: Ball
2-1: Fly out, F4 (Popup, 4D)
Batting: RHB Wes Shannon 0-0: Swinging Strike
0-1: Ball
1-1: Foul Ball, location: 2F
1-2: Ball
2-2: Ground out 4-3 (Groundball, 4)
Iván Vega scores
Javier Sánchez to third
Batting: RHB Gary Chalmers 0-0: Called Strike
0-1: Swinging Strike
0-2: Strikes out swinging
Bottom of the 1st over - 2 run(s), 3 hit(s), 0 error(s), 1 left on base; New Amsterdam 2 - Rocky Mountain 2
TOP OF THE 2ND
New Amsterdam Republics batting - Pitching for Rocky Mountain Nuggets : LHP Rafael Rivera
Batting: RHB Cory Hansen 0-0: Fly out, F6 (Popup, 6D)
Batting: RHB Ed Hopkins 0-0: Ground out 4-3 (Groundball, 4M)
Batting: RHB John Burton 0-0: Ball
1-0: Swinging Strike
1-1: Ball
2-1: Ball
3-1: Base on Balls
Batting: RHB Enrique Morales 0-0: Called Strike
0-1: Ball
1-1: Ball
2-1: Swinging Strike
2-2: Reached on error, E2 (Groundball, 2R)
John Burton to third
Batting: RHB Alfredo Suárez 0-0: Fly out, F8 (Flyball, 8LD)
Top of the 2nd over - 0 run(s), 0 hit(s), 1 error(s), 2 left on base; New Amsterdam 2 - Rocky Mountain 2
BOTTOM OF THE 2ND
Rocky Mountain Nuggets batting - Pitching for New Amsterdam Republics : LHP Alejandro Ramos
Batting: LHB Chia-ch'ing Dodman 0-0: Foul Ball, location: 2F
0-1: Fly out, F9 (Flyball, 89D)
Batting: RHB Mark Melton 0-0: Ground out 6-3 (Groundball, 6)
Batting: LHB Randy Bowen 0-0: Ball
1-0: Ball
2-0: Called Strike
2-1: Fly out, F7 (Flyball, 78S)
Bottom of the 2nd over - 0 run(s), 0 hit(s), 0 error(s), 0 left on base; New Amsterdam 2 - Rocky Mountain 2
TOP OF THE 3RD
New Amsterdam Republics batting - Pitching for Rocky Mountain Nuggets : LHP Rafael Rivera
Batting: RHB António Pérez 0-0: Called Strike
0-1: Ground out 6-3 (Groundball, 6)
Batting: RHB Hank Wilder 0-0: Ball
1-0: Ball
2-0: Ball
3-0: Called Strike
3-1: Base on Balls
Batting: RHB Quincy van Enk 0-0: Called Strike
0-1: Called Strike
0-2: Ball
1-2: Ball
2-2: Foul Ball, location: 2F
2-2: Ball
3-2: Foul Ball, location: 2F
3-2: Fielders Choice at 2nd, 3-6 (Groundball, 3)
Batting: LHB Eric Ward 0-0: Ball
1-0: Foul Ball, location: 2F
1-1: Ball
2-1: Called Strike
2-2: Foul Ball, location: 2F
2-2: Foul Ball, location: 2F
2-2: SINGLE (Groundball, 34D)
Quincy van Enk to second
Runner from 2nd tries for 3rd, SAFE, throw made to third
Batting: RHB Cory Hansen 0-0: Foul Ball, location: 2F
0-1: Ball
1-1: Called Strike
1-2: Ball
2-2: Strikes out looking
Top of the 3rd over - 0 run(s), 1 hit(s), 0 error(s), 2 left on base; New Amsterdam 2 - Rocky Mountain 2
BOTTOM OF THE 3RD
Rocky Mountain Nuggets batting - Pitching for New Amsterdam Republics : LHP Alejandro Ramos
Batting: RHB Andrés Rodríguez 0-0: Called Strike
0-1: Ball
1-1: Swinging Strike
1-2: DOUBLE (Line Drive, 78XD)
Batting: RHB Iván Vega 0-0: Swinging Strike
0-1: Called Strike
0-2: Ball
1-2: Ground out 5-3 (Groundball, 56S)
Andrés Rodríguez to third
Batting: LHB Javier Sánchez 0-0: Ball
1-0: DOUBLE (Flyball, 89XD)
Andrés Rodríguez scores
Batting: LHB Neil Lawson 0-0: Called Strike
0-1: Fly out, F7 (Flyball, 7)
Batting: RHB Wes Shannon 0-0: Swinging Strike
0-1: Foul Ball, location: 2F
0-2: Strikes out swinging
Bottom of the 3rd over - 1 run(s), 2 hit(s), 0 error(s), 1 left on base; New Amsterdam 2 - Rocky Mountain 3
TOP OF THE 4TH
New Amsterdam Republics batting - Pitching for Rocky Mountain Nuggets : LHP Rafael Rivera
Batting: RHB Ed Hopkins 0-0: Bunt for hit - play at first, batter OUT! 1-3
Batting: RHB John Burton 0-0: Ball
1-0: Ground out 4-3 (Groundball, 4)
Batting: RHB Enrique Morales 0-0: Ball
1-0: Swinging Strike
1-1: Fly out, F6 (Line Drive, 6)
Top of the 4th over - 0 run(s), 0 hit(s), 0 error(s), 0 left on base; New Amsterdam 2 - Rocky Mountain 3
BOTTOM OF THE 4TH
Rocky Mountain Nuggets batting - Pitching for New Amsterdam Republics : LHP Alejandro Ramos
Batting: RHB Gary Chalmers 0-0: Called Strike
0-1: Fly out, F9 (Flyball, 89M)
Batting: LHB Chia-ch'ing Dodman 0-0: DOUBLE (Flyball, 7LM)
Batting: RHB Mark Melton 0-0: Foul Ball, location: 2F
0-1: Ball
1-1: Foul Ball, location: 2F
1-2: Foul Ball, location: 2F
1-2: Hit by Pitch
Batting: LHB Randy Bowen 0-0: Called Strike
0-1: Foul Ball, location: 2F
0-2: Ball
1-2: Grounds into double play, 4-6-3 (Groundball, 34)
Bottom of the 4th over - 0 run(s), 1 hit(s), 0 error(s), 1 left on base; New Amsterdam 2 - Rocky Mountain 3
TOP OF THE 5TH
New Amsterdam Republics batting - Pitching for Rocky Mountain Nuggets : LHP Rafael Rivera
Batting: RHB Alfredo Suárez 0-0: SINGLE (Flyball, 7S)
Batting: RHB António Pérez 0-0: Ball
1-0: SINGLE (Groundball, 34S) (infield hit)
Alfredo Suárez to second
Batting: RHB Hank Wilder 0-0: Ball
1-0: Grounds into double play, 4-6-3 (Groundball, 4)
Alfredo Suárez to third
Batting: RHB Quincy van Enk 0-0: Swinging Strike
0-1: Foul Ball, location: 2F
0-2: DOUBLE (Flyball, 8RXD)
Alfredo Suárez scores
Batting: LHB Eric Ward 0-0: Ground out U3 (Groundball, 34)
Top of the 5th over - 1 run(s), 3 hit(s), 0 error(s), 1 left on base; New Amsterdam 3 - Rocky Mountain 3
BOTTOM OF THE 5TH
Rocky Mountain Nuggets batting - Pitching for New Amsterdam Republics : LHP Alejandro Ramos
Batting: RHB Andrés Rodríguez 0-0: Called Strike
0-1: Ground out 5-3 (Groundball, 56)
Batting: RHB Iván Vega 0-0: SINGLE (Line Drive, 7S)
Batting: LHB Javier Sánchez 0-0: Ball
1-0: Ball
Iván Vega is caught stealing 2nd base
2-0: Ball
3-0: Called Strike
3-1: Fly out, F7 (Flyball, 7LS)
Bottom of the 5th over - 0 run(s), 1 hit(s), 0 error(s), 0 left on base; New Amsterdam 3 - Rocky Mountain 3
TOP OF THE 6TH
New Amsterdam Republics batting - Pitching for Rocky Mountain Nuggets : LHP Rafael Rivera
Batting: RHB Cory Hansen 0-0: Called Strike
0-1: Ball
1-1: Swinging Strike
1-2: SINGLE (Groundball, 56D)
Batting: RHB Ed Hopkins 0-0: Bunted foul
0-1: Bunt missed!
0-2: Ball
1-2: Foul Ball, location: 2F
1-2: Foul Ball, location: 2F
1-2: Ball
2-2: Ball
3-2: Base on Balls
Cory Hansen to second
Batting: RHB John Burton 0-0: Called Strike
0-1: Ball
1-1: Ball
2-1: Sac Bunt - play at first, batter OUT! 1-4
Cory Hansen to third
Ed Hopkins to second
Batting: RHB Enrique Morales 0-0: Intentional Walk
Batting: RHB Alfredo Suárez 0-0: Ball
1-0: Swinging Strike
1-1: Fly out, F8 (Flyball, 8LM)
Runner from 3rd tags up, SCORES, throw made
Pitching: RHP Hunter Wilson
Batting: RHB António Pérez 0-0: Fly out, F9 (Flyball, 89D)
Top of the 6th over - 1 run(s), 1 hit(s), 0 error(s), 2 left on base; New Amsterdam 4 - Rocky Mountain 3
BOTTOM OF THE 6TH
Rocky Mountain Nuggets batting - Pitching for New Amsterdam Republics : LHP Alejandro Ramos
Batting: LHB Neil Lawson 0-0: SINGLE (Line Drive, 56D)
Batting: RHB Wes Shannon 0-0: Ball
1-0: Grounds into double play, 5-4-3 (Groundball, 5)
Batting: RHB Gary Chalmers 0-0: Called Strike
0-1: Fly out, F5 (Popup, 56)
Bottom of the 6th over - 0 run(s), 1 hit(s), 0 error(s), 0 left on base; New Amsterdam 4 - Rocky Mountain 3
TOP OF THE 7TH
New Amsterdam Republics batting - Pitching for Rocky Mountain Nuggets : RHP Hunter Wilson
Batting: RHB Hank Wilder 0-0: Ground out 6-3 (Groundball, 56)
Batting: RHB Quincy van Enk 0-0: Called Strike
0-1: SINGLE (Flyball, 8LS)
Batting: LHB Eric Ward 0-0: Called Strike
0-1: Fielders Choice at 2nd, 1-6 (Groundball, P)
Batting: RHB Cory Hansen 0-0: Ball
1-0: Foul Ball, location: 2F
1-1: Ground out 3-1 (Groundball, 34S)
Top of the 7th over - 0 run(s), 1 hit(s), 0 error(s), 1 left on base; New Amsterdam 4 - Rocky Mountain 3
BOTTOM OF THE 7TH
Rocky Mountain Nuggets batting - Pitching for New Amsterdam Republics : LHP Alejandro Ramos
Batting: LHB Chia-ch'ing Dodman 0-0: Foul Ball, location: 2F
0-1: Swinging Strike
0-2: Strikes out swinging
Batting: RHB Mark Melton 0-0: Ball
1-0: Foul Ball, location: 2F
1-1: Foul Ball, location: 2F
1-2: SINGLE (Line Drive, 7S)
Pinch Hitting: RHB Martín Méndez 0-0: Ball
1-0: Foul Ball, location: 2F
1-1: Fly out, F3 (Line Drive, 3)
Batting: RHB Andrés Rodríguez 0-0: Ball
1-0: Called Strike
1-1: Ball
2-1: Swinging Strike
2-2: Ball
3-2: Base on Balls
Mark Melton to second
Batting: RHB Iván Vega 0-0: Foul Ball, location: 2F
0-1: Hit by Pitch
Mark Melton to third
Andrés Rodríguez to second
Batting: LHB Javier Sánchez 0-0: Called Strike
0-1: Ball
1-1: Foul Ball, location: 2F
1-2: SINGLE (Line Drive, 4D)
Mark Melton scores
Andrés Rodríguez to third
Iván Vega to second
Runner from 3rd tries for Home, SAFE, no throw
Batting: LHB Neil Lawson 0-0: Fielders Choice at 2nd, 6-4 (Groundball, 4M)
Bottom of the 7th over - 2 run(s), 2 hit(s), 0 error(s), 1 left on base; New Amsterdam 4 - Rocky Mountain 5
TOP OF THE 8TH
New Amsterdam Republics batting - Pitching for Rocky Mountain Nuggets : RHP Hunter Wilson
Pitching: RHP Carlos Trevino
Now at SS: Mike Green
Batting: RHB Ed Hopkins 0-0: Swinging Strike
0-1: Ball
1-1: Foul Ball, location: 2F
1-2: Ball
2-2: Strikes out swinging
Batting: RHB John Burton 0-0: Fly out, F9 (Flyball, 9)
Batting: RHB Enrique Morales 0-0: Ball
1-0: Called Strike
1-1: Fly out, F7 (Line Drive, 7)
Top of the 8th over - 0 run(s), 0 hit(s), 0 error(s), 0 left on base; New Amsterdam 4 - Rocky Mountain 5
BOTTOM OF THE 8TH
Rocky Mountain Nuggets batting - Pitching for New Amsterdam Republics : LHP Alejandro Ramos
Batting: RHB Wes Shannon 0-0: Ball
1-0: Ball
2-0: Ball
3-0: Called Strike
3-1: Fly out, F1 (Line Drive, 13)
Batting: RHB Gary Chalmers 0-0: Fly out, F2 (Popup, 3S)
Batting: LHB Chia-ch'ing Dodman 0-0: Ball
1-0: Ball
2-0: Ball
3-0: Base on Balls
Batting: RHB Mark Melton 0-0: Called Strike
0-1: Fly out, F5 (Line Drive, 5S)
Bottom of the 8th over - 0 run(s), 0 hit(s), 0 error(s), 1 left on base; New Amsterdam 4 - Rocky Mountain 5
TOP OF THE 9TH
New Amsterdam Republics batting - Pitching for Rocky Mountain Nuggets : RHP Carlos Trevino
Pitching: RHP Jorge Garza
Batting: RHB Alfredo Suárez 0-0: Ball
1-0: Swinging Strike
1-1: Foul Ball, location: 2F
1-2: Ball
2-2: Strikes out swinging
Batting: RHB António Pérez 0-0: Called Strike
0-1: Ball
1-1: Swinging Strike
1-2: Strikes out looking
Batting: RHB Hank Wilder 0-0: Ball
1-0: Foul Ball, location: 2F
1-1: Swinging Strike
1-2: Strikes out swinging, 2-3 out at first.
Top of the 9th over - 0 run(s), 0 hit(s), 0 error(s), 0 left on base; New Amsterdam 4 - Rocky Mountain 5
Monday, March 20th, 2017 - OOTP Baseball 17.12 Build 75